Unix NetHack Version 5.0.0-0 post-release - last build May 17 2026 04:57:42 (dc50c8380fa5e20985bfe3072449f57b8d9895ef,branch:main).

Game began 2026-05-20 08:08:37, ended 2026-05-20 08:16:33.

ArrBianca, lawful female human Valkyrie

                                       ------------
                                       |..........+
                                       ...........|
                                       |..........|
                                       |..........|
                                       |>.........|
                                       ---|--------
                                          #
                                          ##
                                           ###           ----------------
                                             ##          |..............|
                                              #          |..............|
                                              #      #  #|.............<|
                                    B#        #      ####-..............|
                                     @     ---.-   ######----------------
                                     #     |..^.####
                                     #     |...|
                                     ######-...|
                                           -----

ArrBianca the Stripling     St:18/02 Dx:9 Co:14 In:7 Wi:10 Ch:9  Lawful
Dlvl:4  $:76 HP:0(19) Pw:10(10) AC:5  Xp:2 T:1535 

Latest messages:
 You see here 2 food rations (for sale, 120 zorkmids).
 What do you want to drop? [$a-hk-rt-v or ?*] ?
 What do you want to drop? [$a-hk-rt-v or ?*] i
 You don't have that object.
 What do you want to drop? [$a-hk-rt-v or ?*] <space>
 Never mind.
 What do you want to read? [ehkmv or ?*] ?
 Never mind.
 You hear someone counting gold coins.
 What do you want to read? [ehkmv or ?*] ?
 As you read the scroll, it disappears.
 A lit field surrounds you!
 What do you want to read? [ehkm or ?*] e
 As you read the scroll, it disappears.
 This is an identify scroll.
 k - an uncursed scroll of earth.
 What do you want to read? [hkm or ?*] h
 As you read the scroll, it disappears.
 Your dagger glows blue for a moment.
 a - a blessed +1 spear (weapon in right hand).
 b - a +1 dagger (alternate weapon; not wielded).
 What do you want to read? [km or ?*] m
 As you read the scroll, it disappears.
 You materialize in a different location!
 Where do you want to travel to?
 (For instructions type a '?')
 You descend the stairs.
 $ - 5 gold pieces (76 in total).
 Ouch!  You bump into a door.
 The door opens.
 You materialize in a different location!
 The door resists!
 The door opens.
 You hear someone counting gold coins.
 Really step into that teleportation trap? [yn] (n) y
 You escape a teleportation trap.
 The door opens.
 You find a hidden passage.
 The giant bat misses!
 You miss the giant bat.
 The giant bat misses!
 You miss the giant bat.
 The giant bat bites!
 You miss the giant bat.
 The giant bat bites!
 The giant bat bites!
 You hit the giant bat!
 The giant bat bites!
 You die...
 Do you want your possessions identified? [ynq] (y) q

Inventory:
 Coins    ('$')
  $ - 76 gold pieces
 Weapons  (')')
  g - 11 +0 darts
  f - a cursed +0 dart
  b - a +1 dagger (alternate weapon; not wielded)
  a - a blessed +1 spear (weapon in right hand)
 Armor    ('[')
  l - a cursed +0 orcish helm (being worn)
  c - an uncursed +3 small shield (being worn)
  o - an uncursed +0 orcish chain mail
 Comestibles  ('%')
  d - 5 uncursed food rations
 Scrolls  ('?')
  k - an uncursed scroll of earth
 Potions  ('!')
  q - an uncursed potion of enlightenment
  p - a blessed potion of gain level
  t - an uncursed potion of healing
  n - a cursed potion of healing
  r - an uncursed potion of water
 Wands    ('/')
  u - a wand of fire (0:5)

ArrBianca the Valkyrie's attributes:

Background:
 You were a Stripling, a level 2 human Valkyrie.
 You were lawful, nominally on a mission for Tyr
 who was opposed by Odin (neutral) and Loki (chaotic).
 You were right-handed.
 You were in the Dungeons of Doom, on level 4.
 You entered the dungeon 1535 turns ago.
 You had 39 experience points, 1 more was needed to attain level 3.

Basics:
 You had 0 out of 19 hit points.
 You had all 10 energy points (spell power).
 Your armor class was 5.
 Your wallet contained 76 zorkmids.
 Autopickup was on for '$?!/="+%' plus thrown, with exceptions.

Final Characteristics:
 Your strength was 18/02 (peak:18/08, limit:18/100).
 Your dexterity was 9 (limit:18).
 Your constitution was 14 (limit:18).
 Your intelligence was 7 (limit:18).
 Your wisdom was 10 (limit:18).
 Your charisma was 9 (limit:18).

Final Status:
 You weren't hungry.
 You were unencumbered.
 You were wielding a spear.
 You had basic skill with spear.

Final Attributes:
 You were devoutly aligned.
 You were cold resistant.
 You are dead.

Miscellaneous:
 You didn't encounter any bones levels.
 Total elapsed playing time was 7 minutes and 56 seconds.

Major events:
 Turn
    1: ArrBianca the lawful human Valkyrie entered the dungeon
  759: entered the Gnomish Mines
 1535: killed by a giant bat

You didn't know any spells.

Skills:
 Fighting Skills
   bare handed combat [Unskilled]
   two weapon combat  [Unskilled]
   riding             [Unskilled]
 Weapon Skills
   dagger             [Basic]
   axe                [Unskilled]
   pick-axe           [Unskilled]
   short sword        [Unskilled]
   broadsword         [Unskilled]
   long sword         [Unskilled]
   two-handed sword   [Unskilled]
   saber              [Unskilled]
   hammer             [Unskilled]
   quarterstaff       [Unskilled]
   polearms           [Unskilled]
   spear              [Basic]
   trident            [Unskilled]
   lance              [Unskilled]
   sling              [Unskilled]
 Spellcasting Skills
   attack spells      [Unskilled]
   escape spells      [Unskilled]

Voluntary challenges:
 Character rerolling was not enabled.
 You were an atheist.
 You never genocided any monsters.
 You never polymorphed an object.
 You never changed form.
 You used no wishes.
Achievements:
 You entered the Gnomish Mines.
 You entered a shop.

 The Dungeons of Doom: levels 1 to 4
    Level 1:
       A fountain, a sink.
    Level 2:
       Stairs down to The Gnomish Mines.
    Level 3:
       A general store.
    Level 4: <- You were here.
       Final resting place for
          you, killed by a giant bat.
 The Gnomish Mines:
    Level 3:


Vanquished creatures:
  a jackal
  a fox
  2 kobolds
  2 goblins
  3 sewer rats
  2 lichens
  4 newts
15 creatures vanquished.

No species were genocided or became extinct.

Game over:
                       ----------
                      /          \
                     /    REST    \
                    /      IN      \
                   /     PEACE      \
                  /                  \
                  |    ArrBianca     |
                  |      76 Au       |
                  |   killed by a    |
                  |    giant bat     |
                  |                  |
                  |                  |
                  |       2026       |
                 *|     *  *  *      | *
        _________)/\\_//(\/(/\)/\//\/|_)_______

Farvel ArrBianca the Valkyrie...

You died in The Dungeons of Doom on dungeon level 4 with 425 points,
and 76 pieces of gold, after 1535 moves.
You were level 2 with a maximum of 19 hit points when you died.

